 Dungeon Crawl Stone Soup version 0.28-a0-1344-g6b9ff3a05d (webtiles) character file.

Game seed: 1697149401969298716

319 Delamore the Cudgeller (level 6, 0/37 HPs)
             Began as a Gargoyle Fighter on Dec 29, 2021.
             Was an Initiate of Gozag.
             Killed from afar by Dowan (18 damage)
             ... with a stone arrow
             ... on level 4 of the Dungeon.
             The game lasted 00:03:07 (3709 turns).

Delamore the Cudgeller (Gargoyle Fighter)           Turns: 3709, Time: 00:03:08

Health: 0/37       AC: 11    Str: 21    XL:     6   Next: 46%
Magic:  6/6        EV:  9    Int:  9    God:    Gozag
Gold:   34         SH:  4    Dex:  9    Spells: 5/5 levels left

rFire   . . .      SeeInvis .   a - +0 flail
rCold   . . .      Faith    .   c - +0 buckler
rNeg    + . .      Spirit   .   b - +0 scale mail
rPois   ∞          Reflect  .   (no helmet)
rElec   +          Harm     .   (no cloak)
rCorr   .          Rampage  .   (no gloves)
Will    .....                   (no boots)
Stlth   ..........              (no amulet)
HPRegen 0.12/turn               (no ring)
MPRegen 0.10/turn               (no ring)

@: mighty, gold aura, studying Armour
A: sickness immunity, AC +4, negative energy resistance 1, electricity
resistance, torment resistance 1, petrification resistance
a: Renounce Religion, Potion Petition, Call Merchant, Bribe Branch


You were on level 4 of the Dungeon.
You worshipped Gozag.
Gozag was noncommittal.
You visited 1 branch of the dungeon, and saw 4 of its levels.

You collected 107 gold pieces.
You spent 50 gold pieces at shops.
You paid 23 gold pieces to Gozag.

Inventory:

Hand Weapons
 a - a +0 flail (weapon)
 i - a +0 whip
Missiles
 g - 8 boomerangs
 h - 6 atropa-tipped darts (quivered)
 j - 16 poisoned darts
Armour
 b - a +0 scale mail (worn)
 c - a +0 buckler (worn)
 e - a +0 chain mail
Potions
 f - 3 potions of curing {unknown}
 k - 4 potions of heal wounds
 l - a potion of flight {unknown}
 m - a potion of attraction {unknown}


   Skills:
 - Level 3.2 Fighting
 + Level 5.9 Maces & Flails
 + Level 4.6 Armour
 - Level 4.0 Shields


You had 5 spell levels left.
You didn't know any spells.
Your spell library contained the following spells:

 Spells                   Type           Power      Damage    Failure   Level
 Animate Skeleton         Necr           0%         N/A       71%         1
 Apportation              Tloc           0%         N/A       71%         1
 Summon Small Mammal      Summ           0%         N/A       71%         1
 Corpse Rot               Necr/Air       0%         N/A       85%         2
 Wereblood                Tmut           0%         N/A       85%         2
 Dispel Undead            Necr           0%         3d6       100%        4
 Death Channel            Necr           0%         N/A       100%        6
 Summon Hydra             Summ           0%         N/A       100%        7
 Sublimation of Blood     Necr           Unusable   N/A       N/A         2

Dungeon Overview and Level Annotations

Branches:
Dungeon (4/15)
 Temple: D:4-7

Altars:
Cheibriados
Dithmenos
Elyvilon
Gozag
Kikubaaqudgha
Qazlal
Sif Muna
Trog
Xom
Zin

Shops:
D:3 !

Annotations:
D:4 Dowan


Innate Abilities, Weirdness & Mutations

You are immune to sickness and miasma.
Your stone body is resilient. (AC +4)
You are immune to poison.
You resist negative energy. (rN+)
You are resistant to electric shocks. (rElec)
You are resistant to unholy torment.
You are immune to petrification.


Message History

The adder hisses angrily.
Dowan gestures at you while chanting.
The puff of flame hits you but does no damage.
Found 13 sling bullets.
Found a stormy altar of Qazlal.
Duvessa, Sister of Dowan comes into view.
She is wielding a +3 vampiric rapier and carrying a wand of flame (20).
You feel very mighty all of a sudden. You block the adder's attack.
You closely miss the adder. You block the adder's attack. The adder bites you.
You miss the adder. The adder barely misses you.
Dowan gestures at Duvessa while chanting.
Duvessa seems to speed up.
You sock the adder!
The adder is heavily wounded.
The adder bites you but does no damage.
You thump the adder!
You kill the adder!
Duvessa hits you but does no damage.
You thump Duvessa!
Duvessa is lightly wounded.
Duvessa zaps a wand.
The puff of flame hits you.
Duvessa zaps a wand.
The puff of flame hits you!
You sock Duvessa!
Duvessa is severely wounded.
Duvessa hits you with a +3 vampiric rapier.
You are too injured to fight recklessly!
You bludgeon Duvessa!!
You kill Duvessa!
Dowan seems overcome with grief.
Dowan seems to find hidden reserves of power!
Dowan mumbles some strange words.
Dowan blinks!
Dowan closely misses you.
Your Armour skill increases to level 4!
You have reached level 6!
You barely miss Dowan. You block Dowan's attack.
You miss Dowan.
Dowan says, "Magic will overcome all!"
Dowan gestures at you while chanting. The stone arrow hits you!!
You die...
Your body crumbles into a pile of gold.

#..#..# ## ### #...<.#
#.##.# ##....# #....# #
#....## ..>.# ...$
#.....## #..#####..#
#......# #....?...##
#......## #§.........
#...##...####$###......
#..#####...##@e# ...e.
..## ##.....## §_.. ###
##...## ≈§≈ ##.## ..
.... ( ?..... $
..###### ##


You could see Dowan (fast).

Vanquished Creatures
  Duvessa (D:4)
  Natasha (thrice) (D:3)
  An iguana (D:2)
  6 adders
  2 worms
  A dart slug (D:2)
  An orc (D:3)
  2 endoplasms (D:2)
  4 giant cockroaches (D:1)
  3 goblins
  7 hobgoblins
  11 jackals
  3 kobolds
  3 quokkas
  3 ball pythons
  3 bats
  4 frilled lizards
  A jackal skeleton (D:4)
  3 rats (D:2)
62 creatures vanquished.

Notes
Turn   | Place    | Note
-------+----------+-------------------------------------------
     0 | D:1      | Delamore the Gargoyle Fighter began the quest for the Orb.
     0 | D:1      | Reached XP level 1. HP: 14/14 MP: 1/1
   399 | D:1      | Reached XP level 2. HP: 19/19 MP: 2/2
   922 | D:2      | Reached XP level 3. HP: 19/23 MP: 3/3
   934 | D:2      | Reached skill level 3 in Maces & Flails
  1033 | D:2      | Found a faded altar of an unknown god.
  1227 | D:2      | Reached XP level 4. HP: 28/28 MP: 4/4
  1561 | D:2      | Reached skill level 4 in Maces & Flails
  2469 | D:3      | Found Ratuire's Distillery.
  2480 | D:3      | Bought a potion of heal wounds for 50 gold pieces
  2543 | D:3      | Noticed Natasha
  2552 | D:3      | Killed Natasha
  2553 | D:3      | Reached XP level 5. HP: 16/32 MP: 5/5
  2718 | D:3      | Found a glowing silver altar of Zin.
  2853 | D:3      | Noticed Natasha
  2870 | D:3      | Killed Natasha
  2871 | D:3      | Reached skill level 5 in Maces & Flails
  3268 | D:3      | Noticed Natasha
  3277 | D:3      | Killed Natasha
  3419 | D:3      | Found a shimmering blue altar of Sif Muna.
  3420 | D:3      | Found a snail-covered altar of Cheibriados.
  3420 | D:3      | Found a white marble altar of Elyvilon.
  3420 | D:3      | Found an ancient bone altar of Kikubaaqudgha.
  3420 | D:3      | Found a bloodstained altar of Trog.
  3420 | D:3      | Found a shimmering altar of Xom.
  3421 | D:3      | Found an opulent altar of Gozag.
  3421 | D:3      | Found a shadowy altar of Dithmenos.
  3436 | D:3      | Became a worshipper of Gozag Ym Sagoz the Greedy
  3671 | D:4      | Identified a scroll of acquirement
  3671 | D:4      | Acquired a manual of Armour
  3689 | D:4      | Noticed Dowan
  3696 | D:4      | Found a stormy altar of Qazlal.
  3696 | D:4      | Noticed Duvessa
  3707 | D:4      | Killed Duvessa
  3708 | D:4      | Reached XP level 6. HP: 18/37 MP: 6/6
  3709 | D:4      | Killed from afar by Dowan

Illustrated notes

Levels and vault maps discovered:
D:1:      nzn_arrival_depleted_hourglass, layout_rooms
D:2:      layout_loops_ring, ebering_ecumenical_altar_ruins, grunt_ministairs_4,
          minmay_pentomino_u4
D:3:      layout_basic, mainiacjoe_overflow_concentric_impassable,
          grunt_temple_overflow_open, serial_shops, nicolae_shop_stone,
          uniq_natasha
D:4:      layout_layer_cave, nicolae_qazlal_scattered_showers,
          portal_sewer_entry_d, nicolae_shop_overcharged_wands, uniq_ijyb,
          uniq_duvessa

Skill      XL: |  1  2  3  4  5 |
---------------+----------------+-----
Shields        | 4 |  4.0
Maces & Flails | 3 4 5 |  5.9
Armour         | 4 |  4.6
Fighting       | |  3.2

Action                   |  1- 3 |  4- 6 || total
-------------------------+-------+-------++-------
Melee: Flail             |   155 |   157 ||   312
  Use: Scroll            |     3 |     1 ||     4
       Potion            |       |     1 ||     1
Armor: Scale mail        |   110 |    87 ||   197
Dodge: Dodged            |   124 |    67 ||   191
Block: Buckler           |    47 |    25 ||    72

Table legend: (Time is in decaauts)
 A = Elapsed time spent in this place.
 B = Non-inter-level travel time spent in this place.
 C = Inter-level travel time spent in this place.
 D = Time resting spent in this place.
 E = Time spent auto-exploring this place.
 F = Levels seen in this place.
 G = Mean time per level.
                   A        B        C        D        E       F      G
               +--------+--------+--------+--------+--------+-----+--------+
         Total |   3787 |   3731 |     56 |   1050 |   2056 |   4 |  946.8 |
       Dungeon |   3787 |   3731 |     56 |   1050 |   2056 |   4 |  946.8 |
               +--------+--------+--------+--------+--------+-----+--------+

Top non-repeatable levels by time:
     D:2: 1416 daAuts
     D:3: 1386 daAuts
     D:1: 936 daAuts
     D:4: 47 daAuts
